 Dungeon Crawl Stone Soup version 0.24-a0-504-gcfb02b9d07 (webtiles) character file.

Game seed: 9389046479445009994

221 LemonEater the Digger (level 5, -5/42 HPs)
             Began as a Gargoyle Earth Elementalist on July 17, 2019.
             Was an Initiate of Vehumet.
             Killed from afar by an orc wizard (6 damage)
             ... with a puff of frost
             ... on level 4 of the Dungeon.
             The game lasted 00:12:22 (3982 turns).

LemonEater the Digger (Gargoyle Earth Elementalist) Turns: 3982, Time: 00:12:23

Health: -5/42      AC:  7    Str: 17    XL:     5   Next: 98%
Magic:  10/10      EV: 12    Int: 16    God:    Vehumet [......]
Gold:   207        SH:  0    Dex: 10    Spells: 2/11 levels left

rFire    + . .     SeeInvis .   i - +2 whip (drain)
rCold    + . .     Gourm    .   (no shield)
rNeg     + . .     Faith    .   c - +1 robe
rPois    ∞         Spirit   .   (no helmet)
rElec    +         Reflect  .   (no cloak)
rCorr    +         Harm     .   (no gloves)
MR       +....                  (no boots)
Stlth    ..........             (no amulet)
HPRegen  0.14/turn              (no ring)
MPRegen  0.12/turn              j - ring of protection from magic

@: berserking, resistant, very quick
A: negative energy resistance 1, electricity resistance, unbreathing,
petrification resistance, rot immunity, AC +4
a: Renounce Religion


You were on level 4 of the Dungeon.
You worshipped Vehumet.
Vehumet was noncommittal.
You were not hungry.

You visited 1 branch of the dungeon, and saw 4 of its levels.

You collected 207 gold pieces.

Inventory:

Hand Weapons
 a - a +1 dagger of speed
 g - a +0 dagger of holy wrath
 i - a +2 whip of draining (weapon)
 l - a +0 whip of electrocution
Missiles
 b - 148 stones (quivered)
Armour
 c - a +1 robe (worn)
Jewellery
 j - a ring of protection from magic (right hand)
Wands
 r - a wand of flame (21)
Scrolls
 f - 2 scrolls of magic mapping
 o - 2 scrolls of remove curse
 q - a scroll of enchant armour
Potions
 e - 3 potions of curing
 h - a potion of cancellation
 k - 2 potions of might
 m - a potion of berserk rage
 p - a potion of agility {unknown}
 s - a potion of degeneration {unknown}
Comestibles
 d - 8 rations
 t - 2 chunks of flesh


   Skills:
 - Level 1.5 Dodging
 - Level 2.1 Stealth
 + Level 3.6 Spellcasting
 + Level 2.8 Conjurations
   Level 0.7 Transmutations
 + Level 5.5 Earth Magic


You had 2 spell levels left.
You knew the following spells:

 Your Spells              Type           Power        Failure   Level  Hunger
a - Sandblast             Erth           ###...       1%          1    None
b - Stone Arrow           Conj/Erth      ###...       10%         3    ###....
c - Lee's Rapid Deconstr  Erth           ###.......   45%         5    ######.

Your spell library contained the following spells:

 Spells                   Type           Power        Failure   Level  Hunger
 Passwall                 Tmut/Erth      ##......     8%          2    ##.....
 Petrify                  Tmut/Erth      ##......     43%         4    ####...


Dungeon Overview and Level Annotations

Branches:
Dungeon (4/15)
 Temple: D:4-7

Altars:
Gozag
Kikubaaqudgha
Makhleb
Nemelex Xobeh
Vehumet
Xom


Innate Abilities, Weirdness & Mutations

You are resistant to torment.
Your stone body is resilient. (AC +4)
You are immune to poison.
You resist negative energy. (rN+)
You are resistant to electric shocks. (rElec)
You can survive without breathing.
You are immune to petrification.
You are immune to rotting.


Message History

The orc priest looks satisfied for a moment.
The orc hits you but does no damage.
You feel better.
The orc wizard begins to cast a cantrip, but forgets the words!
The orc hits you but does no damage.
A red film seems to cover your vision as you go berserk!
You feel yourself moving faster!
You feel mighty!
The orc priest mumbles some strange prayers to Beogh against you.
Beogh smites you!
* * * LOW HITPOINT WARNING * * *
The orc wizard points at you and mumbles some strange words.
The puff of flame hits you. You resist.
* * * LOW HITPOINT WARNING * * *
The orc hits you but does no damage.
You whack the orc!
You kill the orc!
Vehumet accepts your kill. The orc wizard casts a spell at you.
The puff of frost hits you. You resist.
You die...

......
#.#..................###+#
######
#.#..................###.#
#.#......................#
..#..................##.<#
#..........##########.##
#..........# #.##
#..........# #.##
###!#+######### #.##
#.....@)...... #...
#.....oo...... ####
#...>.........
#.............
..###....###... ... ####.#
.. .... .# . ... ##


You could see an orc priest and an orc wizard.

Vanquished Creatures
  A howler monkey (D:4)
  An orc wizard (D:3)
  A worker ant (D:4)
  3 adders (D:2)
  An ooze (D:4)
  An adder skeleton (D:4)
  6 worms
  6 orcs
  4 giant cockroaches
  9 goblins
  4 hobgoblins
  9 jackals
  A quokka (D:2)
  9 bats
  2 frilled lizards
  14 kobolds
  7 rats
79 creatures vanquished.

Notes
Turn   | Place    | Note
-------+----------+-------------------------------------------
     0 | D:1      | LemonEater the Gargoyle Earth Elementalist began the quest
                  | for the Orb.
     0 | D:1      | Reached XP level 1. HP: 10/10 MP: 3/3
    55 | D:1      | Reached XP level 2. HP: 15/15 MP: 1/5
   221 | D:1      | Reached skill level 4 in Earth Magic
  1023 | D:1      | Reached XP level 3. HP: 19/19 MP: 6/6
  1028 | D:1      | Learned a level 3 spell: Stone Arrow
  1751 | D:2      | Reached skill level 1 in Conjurations
  1887 | D:2      | Reached XP level 4. HP: 19/24 MP: 8/8
  3071 | D:3      | Reached skill level 5 in Earth Magic
  3085 | D:3      | Found a shimmering altar of Xom.
  3157 | D:3      | Found a radiant altar of Vehumet.
  3166 | D:3      | Became a worshipper of Vehumet
  3224 | D:3      | Reached XP level 5. HP: 19/28 MP: 3/10
  3231 | D:3      | Learned a level 5 spell: Lee's Rapid Deconstruction
  3765 | D:3      | Found an ancient bone altar of Kikubaaqudgha.
  3765 | D:3      | Found a sparkling altar of Nemelex Xobeh.
  3765 | D:3      | Found an opulent altar of Gozag.
  3892 | D:4      | Found a burning altar of Makhleb.
  3981 | D:4      | HP: 1/42 [orc wizard/puff of flame (3)]
  3982 | D:4      | Killed from afar by an orc wizard

Levels and vault maps discovered:
D:1:      tarquinn_simple_flora_water_e, layout_loops_ring
D:2:      layout_loops_corners, minmay_cut_off
D:3:      layout_loops_corners, gammafunk_temple_overflow_forgotten,
          lemuel_crystal_altar, nicolae_overflow_crystal_walls
D:4:      layout_basic, lemuel_coloured_pillars_altar, bloody_makhleb,
          cheibriados_altar_1, serial_curves, eino_curves_04, eino_curves_03

Skill      XL: |  1  2  3  4 |
---------------+-------------+-----
Earth Magic    | 4 5 |  5.5
Conjurations   | 1 2 |  2.8
Spellcasting   | 3 |  3.6
Dodging        | |  1.5
Stealth        | |  2.1
Transmutations | |  0.7

Action                   |  1- 3 |  4- 6 || total
-------------------------+-------+-------++-------
Melee: Dagger            |   172 |    41 ||   213
       Unarmed           |     2 |       ||     2
       Whip              |       |    84 ||    84
 Cast: Sandblast         |    21 |    23 ||    44
       Stone Arrow       |       |     1 ||     1
  Use: Scroll            |     2 |     9 ||    11
       Potion            |       |     3 ||     3
 Stab: Sleeping          |     3 |     6 ||     9
  Eat: Chunk             |     3 |     7 ||    10
Armor: Robe              |    76 |    37 ||   113
Dodge: Dodged            |   141 |    71 ||   212

Table legend:
 A = Non-vault XP
 B = Vault XP
 C = Vault XP percentage of total XP
 D = Non-vault monster count
 E = Vault monster count
 F = Vault count percentage of total count
                 A         B        C        D         E       F
            +---------+---------+-------+---------+---------+-------
      Total |     294 |      22 |   7.0 |      74 |       5 |   6.3
            +---------+---------+-------+---------+---------+-------
        D:1 |      52 |       0 |   0.0 |      32 |       0 |   0.0
        D:2 |      56 |      22 |  28.2 |      18 |       5 |  21.7
        D:3 |      89 |       0 |   0.0 |      19 |       0 |   0.0
        D:4 |      97 |       0 |   0.0 |       5 |       0 |   0.0
            +---------+---------+-------+---------+---------+-------
